 Dungeon Crawl Stone Soup version 0.18.1-8-gdd0e5ea (webtiles) character file.

147143 MenacingMecha the Sharpshooter (level 18, -20/114 HPs)
             Began as a Kobold Assassin on May 21, 2016.
             Was the Champion of Pakellas.
             Demolished by Polyphemus (30 damage)
             ... on level 3 of the Shoals on May 26, 2016.
             The game lasted 05:17:29 (39073 turns).

MenacingMecha the Sharpshooter (Kobold Assassin)   Turns: 39073, Time: 05:17:29

Health: -20/114    AC: 22    Str: 16    XL:     18   Next: 8%
Magic:  17/37      EV: 26    Int: 15    God:    Pakellas [******]
Gold:   2157       SH: 10    Dex: 27    Spells: 4 memorised, 19 levels left

rFire  . . .     SeeInvis +     a - +5 quick blade (elec)
rCold  + . .     Gourm    .     E - +4 ring mail of Sytoid {Int+3}
rNeg   + . .     Faith    .     J - +0 buckler
rPois  +         Spirit   .     m - +2 hat "Mineud" {+Fly MP+9 Dex+4}
rElec  .         Dismiss  .     u - +1 ratskin cloak {rPois rN+ Int-1 Dex-1}
rCorr  .         Reflect  .     T - +2 pair of gloves {Dex+3} {Dex+3}
SustAt .         Harm     .     n - +2 pair of boots {run} {Speed+}
MR     +....                    I - amulet of regeneration {+regen, !d}
Stlth  +++++++...               y - ring of stealth {Stlth+}
                                g - ring "Lequm" {rC+ Str+4 Int+4 Dex-2 SInv}

@: flying, quick, somewhat resistant to hostile enchantments, extremely stealthy
A: large bone plates 1, carnivore 3
a: Quick Charge, Device Surge, Supercharge, Renounce Religion, Stop Flying


You were on level 3 of the Shoals.
You worshipped Pakellas.
Pakellas was exalted by your worship.
You were very full.

You visited 6 branches of the dungeon, and saw 31 of its levels.
You also visited: Labyrinth and Ice Cave.

You collected 3101 gold pieces.
You spent 944 gold pieces at shops.

Inventory:

Hand Weapons
 a - a +5 quick blade of electrocution (weapon)
   (You found it in an ice cave)
 b - a +0 hand crossbow
   (You bought it in a shop on level 2 of the Orcish Mines)
 e - a +0 blowgun
Missiles
 k - 82 bolts
 z - 16 curare-tipped needles
 M - a throwing net
 Z - 126 poisoned needles
Armour
 m - the +2 hat "Mineud" (worn) {+Fly MP+9 Dex+4}
   (You found it on level 1 of the Shoals)

   It affects your dexterity (+4).
   It affects your magic capacity (+9).
   It lets you fly.
 n - a +2 pair of boots of running (worn) {Speed+}
   (You bought it in a shop on level 2 of the Orcish Mines)
 u - the +1 ratskin cloak (worn) {rPois rN+ Int-1 Dex-1}
   (You found it on level 4 of the Dungeon)

   It affects your intelligence (-1).
   It affects your dexterity (-1).
   It protects you from poison.
   It protects you from negative energy.
 E - the +4 ring mail of Sytoid (worn) {Int+3}
   (You bought it in a shop on level 2 of the Orcish Mines)

   It affects your intelligence (+3).
 J - a +0 buckler (worn)
   (You took it off an orc on level 5 of the Dungeon)
 T - a +2 pair of gloves of dexterity (worn) {Dex+3}
   (You bought it in a shop on level 2 of the Orcish Mines)
Rods
 l - a +3 rod of ignition (11/11)
   (Pakellas gifted it to you on level 1 of the Lair of Beasts)
 Q - a +6 rod of inaccuracy (12/12)
   (You found it in a labyrinth)
Jewellery
 g - the ring "Lequm" (left hand) {rC+ Str+4 Int+4 Dex-2 SInv}
   (You acquired it on level 1 of the Shoals)

   [ring of protection from cold]

   It affects your strength (+4).
   It affects your intelligence (+4).
   It affects your dexterity (-2).
   It protects you from cold.
   It lets you see invisible.
 y - a ring of stealth (right hand) {Stlth+}
   (You found it on level 2 of the Dungeon)
 I - an amulet of regeneration (around neck) {+regen, !d}
   (You took it off an orc on level 5 of the Dungeon)
 W - the ring "Orof" {*Confuse rElec Dex+3 SInv}
   (You acquired it on level 3 of the Spider Nest)

   [ring of see invisible]

   It affects your dexterity (+3).
   It insulates you from electricity.
   It lets you see invisible.
   It may confuse you when you take damage.
 Y - an uncursed ring of protection from fire {rF+}
   (You bought it in a shop on level 2 of the Orcish Mines)
Wands
 c - a wand of heal wounds (4/9)
   (You acquired it on level 3 of the Spider Nest)
 f - a wand of acid (7/15)
   (You found it on level 7 of the Dungeon)
 j - a wand of confusion (8/48)
   (You found it on level 1 of the Lair of Beasts)
 x - a wand of disintegration (14/24)
   (You found it in a labyrinth)
 B - a wand of iceblast (9/15)
   (You found it on level 3 of the Dungeon)
 C - a wand of hasting (7/9)
   (You found it on level 5 of the Dungeon)
 F - a wand of teleportation (5/9)
   (You found it on level 2 of the Shoals)
 K - a wand of paralysis (8/24)
   (Pakellas gifted it to you on level 9 of the Dungeon)
 S - a wand of polymorph (16/24)
   (You acquired it on level 1 of the Lair of Beasts)
Scrolls
 h - 10 scrolls of teleportation
 p - a scroll of fog
 r - 2 scrolls of recharging
 v - 4 scrolls of blinking
 G - 4 scrolls of identify
 N - a scroll of fear
 U - 2 scrolls of magic mapping
Potions
 d - 14 potions of magic
 i - a potion of ambrosia
 o - 2 potions of resistance
 s - 4 potions of heal wounds
 t - 3 potions of cancellation
 w - a potion of invisibility
 A - 6 potions of curing
 D - 5 potions of agility
 H - 4 potions of haste
Miscellaneous
 q - an ornate deck of wonders {the Alchemist, drawn: 1}
   (You found it on level 14 of the Dungeon)
 L - a phial of floods
   (You found it on level 2 of the Shoals)
 P - a plain deck of changes {the Shadow}
   (You found it on level 6 of the Lair of Beasts)
 R - a fan of gales
   (Pakellas gifted it to you on level 10 of the Dungeon)
 X - a box of beasts {used: 3}
   (Pakellas gifted it to you on level 9 of the Dungeon)
Comestibles
 V - 7 meat rations


   Skills:
 - Level 13.0 Fighting
 - Level 14.0 Short Blades
 + Level 16.0 Crossbows
 - Level 2.1 Throwing
 - Level 4.0 Armour
 - Level 15.0 Dodging
 - Level 12.0 Stealth
 - Level 6.0 Shields
 - Level 7.0 Spellcasting
 - Level 6.1 Conjurations
 - Level 10.0 Hexes
 - Level 1.0 Ice Magic
 - Level 13.1 Evocations


You had 19 spell levels left.
You knew the following spells:

 Your Spells              Type           Power        Failure   Level  Hunger
a - Dazzling Spray        Conj/Hex       ####....     2%          3    ##.....
b - Tukima's Dance        Hex            #####...     1%          3    ##.....
c - Confuse               Hex            #####...     1%          3    ##.....
A - Ozocubu's Armour      Chrm/Ice       #.......     67%         3    ##.....


Dungeon Overview and Level Annotations

Branches:
Dungeon (14/15)            Temple (1/1) D:7            Lair (8/8) D:9
 Shoals (3/4) Lair:4       Spider (3/4) Lair:5        Slime (0/6) Lair:6
    Orc (2/2) D:9             Elf (0/3) Orc:2        Vaults (0/5) D:14

Altars:
Ashenzari
Cheibriados
Dithmenos
Elyvilon
Fedhas
Gozag
Kikubaaqudgha
Makhleb
Nemelex Xobeh
Okawaru
Pakellas
Qazlal
Ru
Sif Muna
Trog
Vehumet
Xom
Yredelemnul
Zin
The Shining One
Jiyva

Shops:
Orc:2 [(**   Shoals:2 (

Annotations:
D:7 skeletal warriors
Lair:2 stash
Shoals:3 Polyphemus
Orc:2 exclusion: orc warlord


Innate Abilities, Weirdness & Mutations

You are small and have problems with some larger weapons.
You are carnivorous and can eat meat at any time.
You are partially covered in large bone plates (AC +2, SH +2).


Message History

Aim: a death yak You shoot a bolt.
The bolt hits the death yak.
The death yak is lightly wounded.
Firing (i - inventory):
k - 84 bolts (quivered)
Press: ? - help, Shift-Dir - straight line, f/p - death yak
Aim: a death yak (lightly wounded)
You shoot a bolt. The bolt hits the death yak.
The death yak is lightly wounded.
You hear a splash.
Firing (i - inventory):
k - 83 bolts (quivered)
Press: ? - help, Shift-Dir - straight line, f/p - death yak
Aim: a death yak (lightly wounded)
You shoot a bolt.
The bolt hits the death yak but does no damage.
The death yak is lightly wounded.
You hear a splash.
You hear the crackle of electricity.
a - a +5 quick blade of electrocution (weapon)
The death yak closely misses you. The death yak gores you.
Polyphemus drinks a potion.
Polyphemus goes berserk!
You fly upwards.
There is a stone staircase leading down here.
You hit the death yak.
There is a sudden explosion of sparks!
The death yak is moderately wounded.
You hit the death yak but do no damage.
The death yak is moderately wounded.
You hit the death yak.
The death yak is moderately wounded.
You block the death yak's attack.
You barely miss the death yak.
The death yak is moderately wounded.
You hit the death yak but do no damage.
The death yak is moderately wounded.
You completely miss the death yak.
The death yak is moderately wounded.
The death yak gores you but does no damage.
You hit the death yak but do no damage.
The death yak is moderately wounded.
You barely miss the death yak.
The death yak is moderately wounded.
You hit the death yak.
There is a sudden explosion of sparks!
The death yak is heavily wounded.
The death yak gores you.
You hit the death yak.
The death yak is heavily wounded.
You barely miss the death yak.
The death yak is heavily wounded.
You hit the death yak.
There is a sudden explosion of sparks!
The death yak is severely wounded.
You hit the death yak but do no damage.
The death yak is severely wounded.
The death yak completely misses you.
You hit the death yak.
There is a sudden explosion of sparks!
You kill the death yak!
Pakellas accepts your kill.
Your Fighting skill increases to level 13!
You see here a death yak corpse.
There is a stone staircase leading down here.
Drink which item? (? for menu, Esc to quit)
Magic courses through your body.
You fly downwards.
Level annotation: Polyphemus Polyphemus rages.
There is a stone staircase leading up here.
Casting: Dazzling Spray
Confirm with . or Enter, or press ? or * to list all spells.
Aiming: Dazzling Spray
Press: ? - help, Shift-Dir - straight line, f - Polyphemus
Aim: Polyphemus (berserk, fast, unusually strong)
The spray of energy hits Polyphemus.
Polyphemus is lightly wounded.
Casting: Dazzling Spray
Confirm with . or Enter, or press ? or * to list all spells.
Aiming: Dazzling Spray
Press: ? - help, Shift-Dir - straight line, f/p - Polyphemus
Aim: Polyphemus (lightly wounded, berserk, fast, unusually strong)
The spray of energy hits Polyphemus.
Polyphemus is lightly wounded.
You block Polyphemus's attack. Polyphemus hits you! x2
Polyphemus completely misses you.
Casting: Dazzling Spray
Confirm with . or Enter, or press ? or * to list all spells.
Aiming: Dazzling Spray
Press: ? - help, Shift-Dir - straight line, f/p - Polyphemus
Aim: Polyphemus (lightly wounded, berserk, fast, unusually strong)
The spray of energy misses Polyphemus.
Polyphemus hits you!!! Polyphemus completely misses you.
Casting: Dazzling Spray
Confirm with . or Enter, or press ? or * to list all spells.
Aiming: Dazzling Spray
Press: ? - help, Shift-Dir - straight line, f/p - Polyphemus
Aim: Polyphemus (lightly wounded, berserk, fast, unusually strong)
The spray of energy hits Polyphemus.
Polyphemus is lightly wounded.
Polyphemus hits you!!!
* * * LOW HITPOINT WARNING * * *
You block Polyphemus's attack. x2; Polyphemus completely misses you.
Polyphemus hits you!!
You die...
Pakellas says: Time to start the next experiment...

≈≈≈≈≈≈≈≈....≈≈≈.#
#####.....≈P...P≈
≈≈≈≈≈≈≈≈≈≈...≈≈##
#..#####........Y ≈≈≈≈≈≈≈≈≈≈≈....#
##..# ####..##PP ≈
≈≈≈≈≈≈≈≈≈....### #..# ##>##.
≈≈≈≈≈≈≈≈≈≈≈...≈..####.# #.≈≈Y..
≈≈≈≈≈≈≈≈≈≈)≈≈≈≈≈.....## ..≈≈≈≈P
≈≈≈≈≈≈≈≈≈≈≈≈≈≈≈≈.(..## ##..C≈PP≈
≈≈≈≈≈≈≈≈≈≈≈)≈≈≈≈..≈..#####...P≈≈P≈
≈≈≈≈≈≈≈≈≈≈...≈≈≈.@C((.#.≈≈≈≈≈≈P≈≈P
≈≈≈≈≈≈≈≈≈≈≈.((.......().≈≈≈≈≈≈≈≈≈≈
≈≈≈≈≈≈≈≈≈...##(.##(..≈≈≈≈≈≈≈≈≈≈≈≈≈
≈≈≈≈≈≈≈...#########.≈≈≈≈≈≈≈≈≈≈≈≈≈≈
≈≈≈≈≈≈.#### #.≈≈≈≈..≈≈≈≈≈≈≈≈≈
≈≈≈≈≈..# ### ##.≈≈≈≈≈≈≈≈≈≈≈≈≈≈≈
≈≈≈≈.#####.######..≈..≈≈≈≈≈≈≈≈≈≈≈≈
≈≈...####.........≈≈≈≈≈≈≈≈≈≈≈≈≈≈≈≈
≈..##.....≈≈...≈≈≈≈≈≈≈≈≈≈≈≈≈≈≈≈


You could see Polyphemus (berserk).

Vanquished Creatures
  Jorgrun (Shoals:3)
  Donald (Orc:2)
  2 emperor scorpions
  A spark wasp (Spider:3)
  An ettin (Orc:1)
  3 merfolk impalers (Shoals:3)
  A minotaur (Lab)
  2 entropy weavers
  9 hydras
  3 ogre magi
  3 centaur warriors
  A merfolk aquamancer (Shoals:1)
  A queen ant (Lair:7)
  A satyr (Shoals:2)
  3 tengu warriors
  An orc high priest (Orc:2)
  2 death yaks
  Nergalle (Orc:1)
  5 sea snakes
  2 unseen horrors
  2 deep trolls (Orc:2)
  4 hill giants
  A deep elf archer (D:14)
  3 harpies (Shoals:1)
  2 lindwurms (Lair:8)
  5 orb spiders
  3 deep elf magi
  4 orc knights
  2 hornets (Spider:2)
  6 manticores
  3 cyclopes
  2 orc sorcerers (Orc:1)
  8 wolf spiders
  9 ugly things
  A faun (Shoals:2)
  3 griffons
  5 sirens
  3 water nymphs (Shoals:1)
  A gargoyle (D:10)
  2 ice statues (IceCv)
  A guardian serpent (Lair:8)
  14 spiny frogs
  2 centaur skeletons
  13 black mambas
  A rime drake (Lair:3)
  A torpor snail (Spider:2)
  9 komodo dragons
  6 demonic crawlers
  10 ice devils (IceCv)
  2 efreet (D:14)
  20 jumping spiders
  2 tengu conjurers
  12 trolls
  A polar bear (Lair:5)
  A queen bee (Lair:8)
  12 two-headed ogres
  13 merfolk
  11 slime creatures
  12 blink frogs
  A snapping turtle (Shoals:1)
  3 boulder beetles
  Sigmund (D:4)
  7 wyverns
  A centaur simulacrum (D:14)
  57 redbacks
  5 water elementals
  24 tarantellas
  2 hungry ghosts
  76 yaks
  6 wraiths
  5 humans (D:7)
  11 hippogriffs
  8 basilisks
  Menkaure (D:4)
  2 hell hounds (D:9)
  3 wargs
  5 soldier ants
  Duvessa (D:5)
  16 porcupines
  27 water moccasins
  4 wasps
  An eye of draining (D:8)
  22 orc warriors
  A black bear (D:5)
  6 ice beasts
  4 necrophages
  A sky beast (D:6)
  2 phantoms
  22 ogres
  19 centaurs
  3 wolves (Lair:6)
  17 crocodiles
  2 big kobolds (D:12)
  The ghost of jehirs the Ducker, an amateur DEGl of Ashenzari (D:3)
  19 giant frogs
  3 wyvern zombies
  A water moccasin zombie (D:5)
  Dowan (D:5)
  2 wyvern skeletons
  4 scorpions
  21 killer bees
  13 wights
  5 electric eels
  7 howler monkeys
  8 crimson imps
  9 hounds
  4 giant frog zombies
  5 centaur zombies
  5 jellies
  21 orc priests
  34 orc wizards
  3 giant frog skeletons
  13 iguanas
  Natasha (thrice) (D:4)
  36 worker ants
  15 sheep
  A hound zombie (D:5)
  A hound skeleton (D:10)
  A worker ant zombie (D:7)
  20 adders
  10 gnolls
  17 river rats
  3 shadow imps
  18 white imps
  9 ufetubi (IceCv)
  2 oozes
  An adder zombie (D:7)
  An adder skeleton (D:9)
  8 worms
  2 dart slugs
  4 giant geckos
  131 orcs
  7 giant cockroaches
  13 goblins
  15 hobgoblins
  17 jackals
  25 kobolds
  7 quokkas
  2 ball pythons (D:1)
  15 bats
  A giant gecko zombie (D:5)
  4 giant newts
  A jackal skeleton (D:4)
  A quokka skeleton (D:8)
  A quokka zombie (D:9)
  6 rats
  A bush (Lair:5)
  2 fungi
  A plant (Lair:8)
1203 creatures vanquished.

Vanquished Creatures (collateral kills)
  A hill giant (Orc:2)
  A cyclops (Orc:2)
  3 trolls (Orc:2)
  5 yaks (Lair:5)
  An ogre (Orc:2)
11 creatures vanquished.

Vanquished Creatures (others)
  Josephine (D:13)
  A centaur (D:14)
  2 ufetubi (IceCv)
  27 fungi
  30 plants
61 creatures vanquished.

Grand Total: 1275 creatures vanquished

Notes
Turn   | Place    | Note
--------------------------------------------------------------
     0 | D:1      | MenacingMecha the Kobold Assassin began the quest for the Orb.
     0 | D:1      | Reached XP level 1. HP: 12/12 MP: 1/1
    89 | D:1      | Reached skill level 3 in Short Blades
   200 | D:1      | Reached XP level 2. HP: 17/17 MP: 2/2
   344 | D:1      | Reached skill level 4 in Short Blades
   448 | D:1      | Reached XP level 3. HP: 22/22 MP: 3/3
   725 | D:1      | Reached skill level 3 in Fighting
   971 | D:2      | Reached XP level 4. HP: 26/29 MP: 4/4
  1156 | D:2      | Reached skill level 4 in Fighting
  1350 | D:2      | Found a glowing golden altar of the Shining One.
  1943 | D:2      | Reached XP level 5. HP: 34/34 MP: 5/5
  2179 | D:3      | Noticed jehirs's ghost (amateur DEGl)
  2201 | D:3      | Reached skill level 5 in Fighting
  2410 | D:2      | Reached skill level 2 in Dodging
  2613 | D:3      | Noticed a centaur
  3143 | D:2      | Killed a centaur
  3143 | D:2      | Reached skill level 4 in Dodging
  3143 | D:2      | Reached XP level 6. HP: 27/40 MP: 6/6
  3418 | D:3      | Reached skill level 5 in Dodging
  3459 | D:3      | Reached XP level 7. HP: 38/44 MP: 7/7
  3567 | D:4      | Noticed Sigmund
  3568 | D:4      | Killed Sigmund
  3568 | D:4      | Reached skill level 6 in Dodging
  3647 | D:4      | Reached skill level 7 in Dodging
  3883 | D:4      | Noticed Natasha
  3894 | D:4      | Killed Natasha
  4025 | D:4      | Noticed Menkaure
  4240 | D:4      | Reached skill level 5 in Short Blades
  4240 | D:4      | Reached XP level 8. HP: 49/49 MP: 8/8
  4288 | D:4      | Noticed Natasha
  4336 | D:4      | Reached skill level 6 in Short Blades
  4387 | D:4      | Killed Natasha
  4677 | D:4      | Noticed Natasha
  4689 | D:4      | Killed Natasha
  4797 | D:5      | Entered Level 5 of the Dungeon
  4885 | D:5      | Reached skill level 7 in Short Blades
  5157 | D:5      | Found an iron altar of Okawaru.
  5246 | D:5      | Reached skill level 8 in Short Blades
  5292 | D:5      | Noticed Dowan
  5467 | D:5      | Reached skill level 9 in Short Blades
  5547 | D:5      | Reached XP level 9. HP: 48/53 MP: 9/9
  5681 | D:5      | Noticed Duvessa
  5699 | D:5      | Killed Duvessa
  5699 | D:5      | Reached skill level 10 in Short Blades
  5699 | D:5      | Reached skill level 1 in Shields
  5713 | D:5      | Killed Dowan
  5980 | D:5      | Reached skill level 2 in Shields
  6441 | D:6      | Reached skill level 3 in Shields
  6780 | D:6      | Reached skill level 4 in Shields
  6887 | D:6      | Found a shadowy altar of Dithmenos.
  6887 | D:6      | Found a blossoming altar of Fedhas.
  7013 | D:6      | Found a shattered altar of Ashenzari.
  7392 | D:7      | Reached skill level 5 in Shields
  7524 | D:7      | Noticed a skeletal warrior
  7527 | D:7      | Noticed a skeletal warrior
  7690 | D:7      | Noticed a skeletal warrior
  7890 | D:7      | Reached skill level 6 in Shields
  7890 | D:7      | Reached XP level 10. HP: 53/58 MP: 10/10
  7893 | D:7      | Reached skill level 6 in Stealth
  8099 | D:7      | Reached skill level 7 in Stealth
  8116 | D:7      | Reached skill level 1 in Evocations
  8201 | D:7      | Reached skill level 2 in Evocations
  8229 | D:7      | Reached skill level 3 in Evocations
  8257 | D:7      | Reached skill level 4 in Evocations
  8325 | D:7      | Found an opulent altar of Gozag.
  8368 | D:7      | Found a staircase to the Ecumenical Temple.
  8388 | Temple   | Entered the Ecumenical Temple
  8395 | Temple   | Became a worshipper of Pakellas the Inventive
  8518 | D:7      | Reached skill level 5 in Evocations
  8576 | D:7      | Found a shattered altar of Ashenzari.
  8576 | D:7      | Found a basalt altar of Yredelemnul.
  8610 | D:7      | Noticed a skeletal warrior
  8846 | D:8      | Reached skill level 11 in Short Blades
  9255 | D:8      | Reached * piety under Pakellas
  9255 | D:8      | Received a gift from Pakellas
  9678 | D:9      | Reached skill level 12 in Short Blades
  9972 | D:9      | Reached skill level 13 in Short Blades
  9972 | D:9      | Reached XP level 11. HP: 56/62 MP: 14/14
 10007 | D:9      | Reached ** piety under Pakellas
 10007 | D:9      | Received a gift from Pakellas
 10102 | D:9      | Found a staircase to the Lair.
 10260 | D:8      | Reached skill level 14 in Short Blades
 10337 | D:9      | Reached skill level 6 in Fighting
 10482 | D:9      | Noticed a red ugly thing
 10491 | D:9      | Killed a red ugly thing
 10589 | D:9      | Found a staircase to the Orcish Mines.
 10597 | D:9      | Reached skill level 7 in Fighting
 10612 | D:9      | Reached *** piety under Pakellas
 10612 | D:9      | Received a gift from Pakellas
 10992 | D:4      | Killed Menkaure
 10992 | D:4      | Reached skill level 1 in Armour
 11073 | D:3      | Killed jehirs's ghost
 11250 | D:10     | Entered Level 10 of the Dungeon
 11277 | D:10     | Noticed a hill giant
 11282 | D:10     | Killed a hill giant
 11282 | D:10     | Reached skill level 2 in Armour
 11389 | D:9      | HP: 14/66 [orc wizard/puff of flame (9)]
 11763 | D:10     | Reached **** piety under Pakellas
 11763 | D:10     | Received a gift from Pakellas
 11771 | D:10     | Reached skill level 6 in Evocations
 11842 | D:10     | Found an iron altar of Okawaru.
 11842 | D:10     | Noticed a hill giant
 11847 | D:10     | Killed a hill giant
 11847 | D:10     | Reached skill level 7 in Evocations
 11912 | D:10     | Reached skill level 8 in Evocations
 12122 | Lair:1   | Entered Level 1 of the Lair of Beasts
 12220 | Lair:1   | Reached skill level 9 in Evocations
 12220 | Lair:1   | Reached XP level 12. HP: 71/71 MP: 18/18
 12322 | Lair:1   | Reached skill level 10 in Evocations
 12352 | Lair:1   | Found a frozen archway.
 12385 | Lair:1   | Reached ***** piety under Pakellas
 12385 | Lair:1   | Received a gift from Pakellas
 12423 | IceCv    | Entered an ice cave
 12444 | IceCv    | Identified a +2 rod of ignition (9/9) (Pakellas gifted it to you on level 1 of the Lair of Beasts)
 12897 | IceCv    | Reached skill level 11 in Evocations
 13087 | IceCv    | Reached skill level 8 in Dodging
 13270 | IceCv    | Got a clouded ruby amulet
 13271 | IceCv    | Identified the amulet "Xianior" {Faith Str+2} (You found it in an ice cave)
 13843 | Lair:1   | Noticed a six-headed hydra
 13854 | Lair:1   | Reached skill level 8 in Fighting
 13858 | Lair:1   | Killed a six-headed hydra
 13931 | Lair:1   | Identified a scroll of acquirement
 13983 | Lair:1   | Reached skill level 9 in Dodging
 14792 | Lair:2   | Reached skill level 9 in Fighting
 15160 | Lair:2   | Reached skill level 10 in Dodging
 15160 | Lair:2   | Reached XP level 13. HP: 79/79 MP: 21/21
 15168 | Lair:2   | Noticed a six-headed hydra
 15748 | Lair:3   | Reached skill level 10 in Fighting
 16007 | Lair:3   | You fall through a shaft for 2 floors!
 16012 | Lair:5   | Reached skill level 8 in Stealth
 16040 | Lair:5   | Learned a level 3 spell: Confuse
 16044 | Lair:5   | Learned a level 3 spell: Dazzling Spray
 16048 | Lair:5   | Learned a level 3 spell: Tukima's Dance
 16193 | Lair:5   | Noticed a six-headed hydra
 16257 | Lair:5   | Reached skill level 9 in Stealth
 16424 | Lair:4   | Reached skill level 10 in Stealth
 16562 | Lair:4   | Reached skill level 1 in Hexes
 16619 | Lair:4   | Reached skill level 1 in Conjurations
 16645 | Lair:4   | Reached skill level 2 in Hexes
 16652 | Lair:4   | Reached skill level 2 in Conjurations
 16731 | Lair:4   | Reached ****** piety under Pakellas
 16738 | Lair:4   | Reached skill level 3 in Hexes
 16761 | Lair:4   | Reached skill level 3 in Conjurations
 16870 | Lair:4   | Reached skill level 4 in Hexes
 16948 | Lair:4   | Found a staircase to the Shoals.
 17309 | Lair:2   | Learned a level 3 spell: Ozocubu's Armour
 17391 | Lair:3   | Noticed a six-headed hydra
 17825 | Lair:5   | Reached skill level 1 in Spellcasting
 17860 | Lair:5   | Found a hole to the Spider Nest.
 18499 | Orc:1    | Entered Level 1 of the Orcish Mines
 18500 | Orc:1    | Noticed Nergalle
 18510 | Orc:1    | Killed Nergalle
 18510 | Orc:1    | Reached skill level 2 in Spellcasting
 18510 | Orc:1    | Reached skill level 5 in Hexes
 18531 | Orc:1    | Noticed an ettin
 18606 | Orc:2    | Entered Level 2 of the Orcish Mines
 18612 | Orc:2    | Noticed an orc warlord
 18755 | Orc:2    | Found a staircase to the Elven Halls.
 18979 | Orc:2    | HP: 20/82 [warg (16)]
 19104 | Orc:2    | Reached skill level 6 in Hexes
 19707 | Orc:1    | Killed an ettin
 19707 | Orc:1    | Reached skill level 7 in Hexes
 19871 | Orc:1    | Reached XP level 14. HP: 61/88 MP: 14/22
 20051 | Orc:2    | Reached skill level 3 in Spellcasting
 20163 | Orc:2    | Reached skill level 8 in Hexes
 20218 | Orc:2    | Noticed Donald
 20923 | D:10     | Reached skill level 4 in Conjurations
 21257 | D:11     | Reached skill level 5 in Conjurations
 21481 | D:11     | Reached skill level 4 in Spellcasting
 21634 | D:11     | Reached skill level 5 in Spellcasting
 22195 | D:12     | Reached skill level 9 in Hexes
 23164 | Lair:2   | Reached skill level 6 in Conjurations
 23975 | Lair:6   | Reached skill level 11 in Dodging
 24223 | Lair:6   | Found a viscous altar of Jiyva.
 24223 | Lair:6   | Found a staircase to the Slime Pits.
 24790 | Lair:7   | Reached XP level 15. HP: 92/92 MP: 17/23
 24859 | Lair:7   | Reached skill level 12 in Dodging
 25388 | Lair:7   | Reached skill level 11 in Fighting
 25687 | Lair:8   | Entered Level 8 of the Lair of Beasts
 25807 | Lair:8   | Found a labyrinth entrance.
 25818 | Lab      | Entered a labyrinth
 25967 | Lab      | Reached skill level 12 in Evocations
 25969 | Lab      | Got an ichor-stained broad axe {pain}
 25977 | Lab      | Identified the Handbook of Earthen Execration
 26817 | Lair:8   | Reached skill level 1 in Crossbows
 26840 | Lair:8   | Reached skill level 2 in Crossbows
 26870 | Lair:8   | Reached skill level 3 in Crossbows
 26918 | Lair:8   | Reached skill level 4 in Crossbows
 27020 | Lair:8   | Reached skill level 5 in Crossbows
 27078 | Lair:8   | Reached skill level 6 in Crossbows
 27174 | Lair:8   | Reached skill level 7 in Crossbows
 27286 | Lair:8   | Reached skill level 8 in Crossbows
 27410 | Lair:8   | Reached skill level 9 in Crossbows
 27484 | Lair:8   | Reached skill level 10 in Crossbows
 27741 | Lair:8   | Reached skill level 11 in Crossbows
 28351 | Orc:2    | Killed Donald
 28351 | Orc:2    | Reached skill level 12 in Crossbows
 28385 | Orc:2    | Found Fiema's Assorted Antiques.
 28706 | Orc:2    | Reached skill level 13 in Crossbows
 28739 | Orc:2    | Reached skill level 1 in Ice Magic
 28824 | Orc:2    | Reached XP level 16. HP: 89/100 MP: 18/25
 28852 | Orc:2    | Found Syphaum's Assorted Antiques.
 28879 | Orc:2    | Reached skill level 14 in Crossbows
 28999 | Orc:2    | Found Naism's Weapon Shoppe.
 29035 | Orc:2    | Bought a pair of embroidered boots for 157 gold pieces
 29040 | Orc:2    | Identified a +1 pair of boots of running (You bought it in a shop on level 2 of the Orcish Mines)
 29047 | Orc:2    | Found Xeunnuim's Armour Boutique.
 29070 | Orc:2    | Bought a +2 pair of gloves of dexterity for 301 gold pieces
 29100 | Orc:2    | Bought a transparent ring mail for 180 gold pieces
 29100 | Orc:2    | Identified the +4 ring mail of Sytoid {Int+3} (You bought it in a shop on level 2 of the Orcish Mines)
 29126 | Orc:2    | Bought a glass ring for 100 gold pieces
 30237 | D:13     | Reached skill level 15 in Crossbows
 30386 | D:13     | Noticed Josephine
 30396 | D:13     | Killed Josephine
 30569 | D:13     | Reached skill level 16 in Crossbows
 31076 | D:14     | Reached skill level 13 in Dodging
 31238 | D:14     | Reached skill level 6 in Spellcasting
 31323 | D:14     | Gained mutation: You have large cloven feet. [potion of beneficial mutation]
 31548 | D:14     | Reached skill level 7 in Spellcasting
 31609 | D:14     | Lost mutation: You have large cloven feet. [helix card]
 31609 | D:14     | Gained mutation: You are partially covered in large bone plates (AC +2, SH +2). [helix card]
 31750 | D:14     | Found a gate to the Vaults.
 31931 | D:14     | Reached skill level 3 in Armour
 32321 | Orc:2    | Bought a +0 hand crossbow for 56 gold pieces
 32536 | Spider:1 | Entered Level 1 of the Spider Nest
 32936 | Spider:1 | Reached skill level 4 in Armour
 33528 | Spider:1 | Reached XP level 17. HP: 106/106 MP: 27/27
 33574 | Spider:2 | Reached skill level 12 in Fighting
 34135 | Spider:2 | Reached skill level 14 in Dodging
 35402 | Spider:3 | Reached skill level 15 in Dodging
 35829 | Spider:3 | Got a slimy bone ring
 35831 | Spider:3 | Identified the ring "Orof" {*Confuse rElec Dex+3 SInv} (You acquired it on level 3 of the Spider Nest)
 36477 | Orc:2    | Bought a scroll of enchant weapon for 150 gold pieces
 36538 | Orc:1    | Reached skill level 10 in Hexes
 36680 | Shoals:1 | Entered Level 1 of the Shoals
 36750 | Shoals:1 | Got a scorched lapis lazuli ring
 36751 | Shoals:1 | Identified the ring "Lequm" {rC+ Str+4 Int+4 Dex-2 SInv} (You acquired it on level 1 of the Shoals)
 36814 | Shoals:1 | Got an ichor-stained hat
 36892 | Shoals:1 | Identified the +2 hat "Mineud" {+Fly MP+9 Dex+4} (You found it on level 1 of the Shoals)
 37170 | Shoals:1 | Reached skill level 13 in Evocations
 37578 | Shoals:1 | Reached skill level 11 in Stealth
 37884 | Shoals:2 | Found Kuti's Weapon Boutique.
 38280 | Shoals:2 | Reached skill level 12 in Stealth
 38462 | Shoals:3 | Noticed Jorgrun
 38476 | Shoals:3 | Killed Jorgrun
 38723 | Shoals:3 | Reached XP level 18. HP: 113/113 MP: 13/28
 39033 | Shoals:3 | Noticed Polyphemus
 39063 | Shoals:2 | Reached skill level 13 in Fighting
 39072 | Shoals:3 | HP: 10/114 [Polyphemus (38)]
 39073 | Shoals:3 | Demolished by Polyphemus

Skill      XL: |  1  2  3  4  5  6  7  8  9 10 11 12 13 14 15 16 17 18 |
---------------+-------------------------------------------------------+-----
Short Blades   | 3 4 5 9 10 13 14 | 14.0
Fighting       | 3 4 5 7 9 10 11 12 13 | 13.0
Dodging        | 4 5 7 10 11 12 13 15 | 15.0
Shields        | 6 |  6.0
Stealth        | 7 10 12 | 12.0
Evocations     | 5 9 11 12 13 | 13.1
Armour         | 2 4 |  4.0
Hexes          | 7 9 10 | 10.0
Conjurations   | 3 6 |  6.1
Spellcasting   | 2 5 7 |  7.0
Crossbows      | 13 16 | 16.0
Ice Magic      | 1 |  1.0
Throwing       | |  2.1

Action                   |  1- 3 |  4- 6 |  7- 9 | 10-12 | 13-15 | 16-18 || total
-------------------------+-------+-------+-------+-------+-------+-------++-------
Melee: Dagger            |    75 |   187 |   521 |   121 |       |       ||   904
       Rapier            |       |       |       |   914 |  1692 |   899 ||  3505
       Quick blade       |       |       |       |       |       |   760 ||   760
 Fire: Blowgun           |    16 |    12 |    21 |    17 |    15 |     1 ||    82
       Hunting sling     |       |       |       |     8 |       |       ||     8
       Hand crossbow     |       |       |       |       |       |   134 ||   134
       Heavy crossbow    |       |       |       |       |       |     2 ||     2
Throw: Tomahawk          |       |       |    11 |    58 |    47 |    12 ||   128
 Cast: Dazzling Spray    |       |       |       |       |    32 |    32 ||    64
       Tukima's Dance    |       |       |       |       |     1 |       ||     1
Invok: Device Surge      |       |       |       |     3 |     8 |     5 ||    16
       Quick Charge      |       |       |       |       |     1 |     1 ||     2
 Abil: Evoke Flight      |       |       |       |       |       |    16 ||    16
       Stop Flying       |       |       |       |       |       |     1 ||     1
Evoke: Wand              |       |       |     1 |     6 |    26 |     7 ||    40
       Rod               |       |       |       |     1 |       |       ||     1
       Box of beasts     |       |       |       |       |     3 |       ||     3
       Fan of gales      |       |       |       |       |     1 |       ||     1
       Deck              |       |       |       |       |       |     1 ||     1
  Use: Scroll            |       |     8 |     7 |    13 |    12 |    19 ||    59
       Potion            |       |       |       |       |     5 |     2 ||     7
 Stab: Sleeping          |     5 |     8 |    13 |    36 |    65 |    43 ||   170
       Distracted        |       |       |     1 |       |    12 |     6 ||    19
       Paralysed         |       |       |       |     4 |     6 |       ||    10
       Confused          |       |       |       |       |     2 |     2 ||     4
       Invisible         |       |       |       |       |     6 |     3 ||     9
  Eat: Chunk             |     8 |     8 |    15 |    26 |    53 |    36 ||   146
       Pizza             |       |       |       |       |     1 |       ||     1
Armor: Leather armour    |    18 |    16 |       |    46 |   137 |     7 ||   224
       Robe              |     3 |       |       |       |       |       ||     3
       Ring mail         |       |    47 |    88 |    40 |       |   222 ||   397
Dodge: Dodged            |    48 |   141 |   244 |   341 |   954 |  1107 ||  2835
Block: Buckler           |       |       |    46 |   170 |   384 |   459 ||  1059
       Other             |       |       |       |       |       |     4 ||     4

Vault maps used:
D:1:      minmay_arrival_wavy_path
D:2:      overflow_temple_1_default, first_bread, grunt_decor_mini_mirrors
D:3:      minmay_misc_feat_x
D:4:      uniq_sigmund, uniq_natasha, uniq_menkaure
D:5:      okawaru_trees_2, uniq_duvessa
D:6:      gammafunk_temple_overflow_wave, basic_altar, nicolae_benzene_ring
D:7:      corexii_shantytown, grunt_gozag_breadcrumbs,
          amethyst_overflow_temple_binary, minmay_temple_entry_hall,
          minmay_ruffians
D:9:      minmay_lair_entry_lava, hiddenorc2_lemuel
D:10:     basic_altar
D:12:     lemuel_upstairs_altar
D:13:     serial_bayou, serial_bayou_lagoon_b, serial_bayou_pond_b,
          serial_bayou_pond_d, serial_bayou_lake_a, serial_bayou_pond_b,
          serial_bayou_pond_b, uniq_josephine
D:14:     hangedman_vaults_entry_quadrant_bands
Temple:   circular_temple_13
Lair:1:   portal_ice_cave_entry_imps, serial_bayou_shore_b
Lair:2:   grunt_megastairs_3, lemuel_fruit_tree
Lair:4:   minmay_shoals_entry_lonely_mermaid, columned_hall_lemuel
Lair:5:   nicolae_spider_entry_non_spiders, serial_forest,
          infiniplex_forest_fountain, infiniplex_forest_straight_2,
          infiniplex_forest_end_2, infiniplex_forest_straight_2,
          infiniplex_forest_lined_3, infiniplex_forest_clump_tiny,
          infiniplex_forest_zigzag_2, infiniplex_forest_corner_1,
          infiniplex_forest_end_2
Lair:6:   slime_altar_1, st_stairs_10
Lair:7:   zaba_antful_of_joy
Lair:8:   hangedman_lair_tendril_chambers, lab_entry_generic, special_room,
          minivault_23, st_stairs_9, patterned_corridor
Shoals:2: serial_shops, shop
Shoals:3: uniq_polyphemus, uniq_jorgrun
Spider:1: guppyfry_spider_mini_1
Orc:1:    uniq_nergalle
Orc:2:    st_orc_open, uniq_donald
Lab:      labyrinth_mini_lab, nicolae_lab_x, nicolae_lab_garden,
          labyrinth_skeletal_remains
IceCv:    ice_cave_small_demon

Table legend:
 A = Turns spent in this place as a percentage of turns spent in the entire game.
 B = Non-inter-level travel turns spent in this place as a percentage of non-inter-level travel turns spent in the entire game.
 C = Inter-level travel turns spent in this place as a percentage of turns spent in this place.
 D = Turns resting spent in this place as a percentage of non-inter-level travel turns spent in this place.
 E = Turns spent auto-exploring this place as a percentage of non-inter-level travel turns spent in this place.
 F = Non-inter-level travel turns spent in this place divided by the number of levels of this place that you've seen.
                   A       B       C       D       E      F
               +-------+-------+-------+-------+-------+----------------------
         Total | 100.0 | 100.0 |   0.9 |   1.1 |   0.1 | 777.4
       Dungeon |  42.0 |  42.0 |   0.9 |   1.0 |   0.3 | 769.9
        Temple |   0.1 |   0.1 |   0.0 |   0.0 |   0.0 |  36.0
          Lair |  29.1 |  29.0 |   1.2 |   0.6 |   0.1 | 931.5
        Shoals |   7.7 |   7.8 |   0.2 |   0.8 |   0.0 | 664.0
   Spider Nest |   9.2 |   9.2 |   0.6 |   1.1 |   0.0 | 788.0
  Orcish Mines |   8.6 |   8.6 |   1.1 |   2.0 |   0.0 | 1100.0
     Labyrinth |   0.6 |   0.6 |   0.0 |   0.0 |   0.0 | 148.0
      Ice Cave |   2.6 |   2.7 |   0.0 |   7.3 |   0.0 | 685.0
               +-------+-------+-------+-------+-------+----------------------

Table legend:
 A = Kills in this place as a percentage of kills in entire the game.
 B = Kills by you in this place as a percentage of kills by you in the entire game.
 C = Kills by friends in this place as a percentage of kills by friends in the entire game.
 D = Other kills in this place as a percentage of other kills in the entire game.
 E = Experience gained in this place as a percentage of experience gained in the entire game.
 F = Experience gained in this place divided by the number of levels of this place that you have seen.
                   A       B       C       D       E      F
               +-------+-------+-------+-------+-------+----------------------
         Total | 100.0 | 100.0 | 100.0 | 100.0 | 100.0 | 6369.8
       Dungeon |  46.8 |  47.2 |   0.0 | 100.0 |  26.7 | 4016.0
          Lair |  26.3 |  26.2 |  45.5 |   0.0 |  27.8 | 7295.9
        Shoals |   4.7 |   4.8 |   0.0 |   0.0 |  13.7 | 9572.0
   Spider Nest |   9.9 |  10.0 |   0.0 |   0.0 |  18.4 | 12909.3
  Orcish Mines |   9.9 |   9.5 |  54.5 |   0.0 |  10.8 | 11342.0
     Labyrinth |   0.1 |   0.1 |   0.0 |   0.0 |   0.5 | 1078.0
      Ice Cave |   2.2 |   2.3 |   0.0 |   0.0 |   2.1 | 4408.0
               +-------+-------+-------+-------+-------+----------------------
